Map: Ley Lines

Players

ManlyManMeat

  • Race: Zerg Zerg
  • League: Diamond
  • Spawn Location: 7:00

IIIIIIIIIIII - Winner!

  • Race: Terran Terran
  • League: Platinum
  • Spawn Location: 1:00

VOD

Have the link to the VOD?

Description

Time

  • Played on: June 24, 2025, 6:22 a.m.
  • Length: 11:54
Show
View Real Time Build Order
Export as new Build Order

ManlyManMeat Zerg 

Build Orders: Hatch First 

Get SALT Encoding   

  12  0:00  Drone  
  13  0:08  Drone  
  14  0:16  Extractor  
  14  0:19  Drone  
  15  0:22  Overlord  
  15  0:41  Drone  
  16  0:47  Hatchery  
  15  0:51  Drone  
  16  0:58  Drone  
  16  0:59  Drone  
  18  1:11  Extractor  
  18  1:15  Spawning Pool  
  18  1:18  Drone  
  17  1:22  Drone  
  18  1:35  Drone  
  19  1:45  Drone  
  20  2:02  Queen x2  
  20  2:04  Zergling x4  
  26  2:11  Zergling x4  
  27  2:16  Overlord  
  27  2:21  Metabolic Boost  
  27  2:25  Drone  
  28  3:00  Drone x2, Hatchery  
  28  3:01  Drone x3  
  28  3:02  Overlord  
  32  3:15  Drone x3, Overlord  
  35  3:27  Drone x3  
  35  3:28  Drone x2  
  37  3:49  Zergling x8  
  37  3:51  Queen  
  37  3:54  Queen  
  44  4:01  Extractor  
  44  4:02  Zergling x8  
  47  4:09  Drone  
  49  4:10  Drone  
  49  4:11  Queen  
  49  4:14  Overlord  
  49  4:15  Overlord  
  51  4:23  Drone x2, Baneling Nest  
  52  4:25  Drone  
  52  4:27  Drone  
  54  4:41  Drone x4  
  54  4:42  Drone  
  59  4:47  Drone  
  59  4:48  Drone x2  
  59  4:49  Evolution Chamber x2  
  60  4:57  Drone x4  
  60  4:58  Drone  
  65  5:05  Zergling x8  
  65  5:06  Zergling x2  
  70  5:21  Overlord x3  
  70  5:22  Overlord  
  70  5:25  Baneling x8  
  70  5:30  Drone  
  70  5:33  Extractor  
  70  5:34  Drone x3  
  70  5:35  Drone, Extractor  
  74  5:36  Drone  
  47  6:12  Zergling x10  
  47  6:18  Zergling x12  
  53  6:19  Zergling x10  
  53  6:21  Zerg Melee Weapons Level 1, Zerg Ground Armor Level 1  
  53  6:22  Lair  
  53  6:23  Queen  
  64  6:30  Drone x3  
  65  6:40  Baneling x5  
  65  6:41  Baneling x3  
  64  6:59  Hatchery  
  64  7:00  Baneling x8  
  64  7:01  Hatchery  
  62  7:05  Drone  
  62  7:06  Drone x2  
  62  7:07  Zergling x8  
  67  7:28  Zergling x22  
  72  7:32  Centrifugal Hooks  
  72  7:38  Drone x3  
  72  7:39  Drone  
  76  7:47  Baneling x3  
  76  7:48  Baneling x4  
  76  8:01  Zergling x18  
  85  8:13  Zergling x10  
  90  8:22  Zerg Melee Weapons Level 2  
  90  8:24  Zerg Ground Armor Level 2  
  90  8:26  Zergling x18  
  99  8:37  Zergling x16  
  107  8:47  Baneling  
  107  8:48  Baneling x8  
  107  8:51  Zergling x8  
  107  8:53  Drone  
  107  8:54  Drone  
  107  8:55  Drone  
  114  8:56  Drone  
  89  9:21  Zergling x22, Baneling x8  
  89  9:22  Zergling x2  
  98  9:29  Zergling x10  
  92  9:39  Zergling x14  
  92  9:43  Drone  
  96  9:59  Baneling x3  
  96  10:00  Baneling x5  
  96  10:03  Baneling x4  
  96  10:04  Zergling x10  
  101  10:09  Zergling x8  
  105  10:18  Hatchery  
  97  10:29  Zergling x24  
  109  10:40  Zergling x2  
  109  10:41  Overlord  
  109  10:42  Overlord x3  
  108  10:45  Baneling x9  
  74  11:01  Zergling x24  
  73  11:07  Zergling x6  
  71  11:15  Zergling x10  
  74  11:22  Baneling x6  
  74  11:24  Baneling x2  
  71  11:25  Baneling  
  67  11:34  Zergling x2  
  67  11:35  Zergling x6  
Show
View Real Time Build Order
Export as new Build Order

IIIIIIIIIIII Terran - Winner!

Build Orders: Reaper Expand, Hellion Banshee 

Get SALT Encoding   

  12  0:01  SCV  
  13  0:13  SCV  
  14  0:18  Supply Depot  
  14  0:25  SCV  
  15  0:39  SCV  
  15  0:41  Barracks  
  16  0:46  Refinery  
  16  0:51  SCV  
  17  1:03  SCV  
  18  1:16  SCV  
  19  1:28  Orbital Command  
  19  1:33  Reaper  
  20  1:41  Command Center  
  20  1:52  Supply Depot  
  20  1:55  SCV  
  21  2:07  SCV  
  22  2:09  Marine  
  23  2:19  Factory  
  23  2:22  SCV  
  24  2:27  Barracks Reactor  
  24  2:34  SCV  
  25  2:40  Command Center  
  25  2:46  SCV  
  26  3:01  SCV  
  27  3:08  Starport  
  27  3:15  Orbital Command, SCV  
  28  3:21  Hellion x2, Refinery  
  32  3:27  SCV  
  32  3:28  Barracks Tech Lab  
  31  3:42  Hellion x2  
  34  3:52  SCV x2  
  34  3:54  Orbital Command  
  36  4:04  SCV x2  
  36  4:07  Hellion  
  36  4:08  Hellion  
  42  4:16  SCV  
  43  4:17  SCV  
  43  4:20  Banshee  
  43  4:21  Marine  
  48  4:26  SCV  
  48  4:28  SCV  
  50  4:32  Hellion x2  
  50  4:35  Supply Depot  
  50  4:36  SCV  
  55  4:39  Barracks Tech Lab, SCV  
  55  4:40  SCV  
  57  4:48  SCV  
  57  4:51  SCV  
  59  4:53  SCV  
  59  4:56  Barracks  
  59  4:57  Supply Depot  
  60  5:00  Barracks, SCV  
  60  5:03  Stimpack, SCV  
  62  5:08  Banshee, Marine  
  62  5:09  Factory Reactor  
  62  5:10  SCV  
  67  5:19  Refinery, Engineering Bay x2  
  67  5:20  SCV  
  68  5:21  Refinery, SCV  
  68  5:22  SCV  
  68  5:26  Supply Depot  
  70  5:32  SCV  
  71  5:36  Barracks  
  71  5:40  Barracks  
  71  5:43  SCV x2  
  71  5:49  Terran Infantry Armor Level 1, Terran Infantry Weapons Level 1  
  73  5:53  Orbital Command  
  72  5:58  Marine x2  
  74  6:10  Starport Reactor  
  71  6:15  Marine  
  71  6:16  Marine, Siege Tank  
  63  6:31  Barracks Reactor x2  
  63  6:32  Marine x3  
  63  6:33  Marine  
  63  6:34  Marine  
  63  6:37  SCV x3  
  69  6:43  Combat Shield  
  69  6:48  Siege Tank  
  69  6:50  Marine x3  
  69  6:51  Marine, Medivac x2  
  69  6:52  SCV x2  
  69  6:53  SCV  
  83  6:57  Supply Depot  
  83  6:59  Supply Depot  
  83  7:04  SCV  
  83  7:05  SCV  
  85  7:17  Armory  
  85  7:19  Marine x4  
  85  7:20  SCV x2  
  85  7:21  Supply Depot x2  
  83  7:33  Marine  
  83  7:34  Marine x4  
  83  7:35  Siege Tank  
  91  7:37  Command Center  
  91  7:41  SCV x3  
  91  7:42  Supply Depot  
  94  7:48  Marine  
  94  7:49  Marine x3  
  98  7:51  Marine  
  98  7:53  SCV x3  
  98  7:57  Supply Depot  
  102  8:02  Factory  
  102  8:04  Supply Depot x2  
  102  8:05  Marine x4  
  104  8:07  Terran Infantry Weapons Level 2  
  104  8:11  Terran Infantry Armor Level 2  
  106  8:15  SCV x3  
  109  8:24  Refinery  
  109  8:32  Barracks  
  109  8:35  Concussive Shells  
  109  8:36  Barracks, Siege Tank  
  109  8:37  Barracks  
  109  8:39  Marine  
  109  8:40  Marine x3  
  118  8:41  Marauder, Marine x3  
  118  8:42  Marine  
  122  8:52  Medivac x2  
  122  8:54  Factory Reactor  
  120  9:10  Marine x8  
  120  9:16  SCV x2  
  120  9:17  SCV  
  92  9:28  SCV  
  93  9:34  Marine x7  
  93  9:35  Marine x5  
  93  9:36  Widow Mine x2  
  106  9:38  Siege Tank  
  106  9:39  Medivac x2  
  106  9:45  SCV x3  
  111  9:50  Drilling Claws  
  111  9:52  Marine x2  
  113  9:57  SCV x2  
  115  10:03  SCV  
  116  10:07  Widow Mine x2  
  116  10:09  SCV x2  
  116  10:11  Siege Tank  
  125  10:15  SCV  
  125  10:16  Marine x2  
  125  10:17  Marine x7  
  135  10:21  SCV x2  
  136  10:35  Command Center  
  135  10:37  Marine  
  135  10:38  Marine x11  
  144  10:55  Marine x5  
  144  10:56  Marine  
  149  11:02  Marine x4  
  149  11:03  Marine  
  147  11:04  Marine  
  147  11:13  Marine x2  
  149  11:30  Supply Depot  
  149  11:32  Supply Depot  
Tags
 
Add a new tag
Caveats
  • Supply blocks, unpowered buildings, or Contaminate may cause inaccurate times.
  • Supply counts are checked every 10 seconds.